 Dungeon Crawl Stone Soup version 0.24.0-123-gd5b16e6ec5 (console) character file.

Game seed: 11937364238518546874, levelgen mode: deterministic

2170 Kagalorn the Covert (level 9, -6/61 HPs)
             Began as a Human Assassin on Jan 15, 2020.
             Was a Believer of Dithmenos.
             Mangled by a wyvern (11 damage)
             ... on level 7 of the Dungeon.
             The game lasted 00:32:14 (10984 turns).

Kagalorn the Covert (Human Assassin)               Turns: 10984, Time: 00:32:14

Health: -6/61      AC:  4    Str: 12    XL:     9   Next: 58%
Magic:  1/12       EV: 12    Int: 14    God:    Dithmenos [**....]
Gold:   539        SH:  0    Dex: 15    Spells: 10/12 levels left

rFire    . . .     SeeInvis .   a - +2 dagger (elec)
rCold    . . .     Gourm    .   (no shield)
rNeg     . . .     Faith    .   u - +0 robe
rPois    .         Spirit   .   (no helmet)
rElec    .         Reflect  .   c - +1 cloak
rCorr    .         Harm     .   (no gloves)
MR       .....                  (no boots)
Stlth    +++++.....             (no amulet)
HPRegen  0.20/turn              (no ring)
MPRegen  0.13/turn              (no ring)

@: very slightly contaminated, wreathed by umbra
A: no striking features
a: Shadow Step, Renounce Religion


You were on level 7 of the Dungeon.
You worshipped Dithmenos.
Dithmenos was pleased with you.
You were not hungry.

You visited 2 branches of the dungeon, and saw 9 of its levels.
You also visited: Ossuary.

You collected 539 gold pieces.

Inventory:

Hand Weapons
 a - a +2 dagger of electrocution (weapon)
 b - a +0 hunting sling
 F - a +0 short sword of flaming
Missiles
 g - 237 stones (quivered)
 o - 76 sling bullets
 B - 2 boomerangs
Armour
 c - a +1 cloak (worn)
 i - a cursed +0 leather armour
 u - a +0 robe (worn)
Jewellery
 A - an uncursed ring of resist corrosion {unknown}
Wands
 l - a wand of digging (5)
 C - a wand of paralysis (10)
 E - a wand of clouds (2)
Scrolls
 h - 3 scrolls of teleportation
 q - 2 scrolls of magic mapping
 r - a scroll of enchant weapon {unknown}
 t - a scroll of enchant armour
 v - a scroll of remove curse {unknown}
 y - a scroll of brand weapon {unknown}
Potions
 j - 2 potions of lignification {unknown}
 k - 2 potions of heal wounds
 m - a potion of brilliance
 n - 3 potions of berserk rage
 p - 4 potions of resistance
 s - 6 potions of curing
 w - a potion of invisibility
 x - 3 potions of ambrosia
 z - 3 potions of agility
Comestibles
 f - 14 rations


   Skills:
 - Level 2.0 Fighting
 * Level 8.5 Short Blades
 - Level 2.0 Throwing
 - Level 1.0 Dodging
 * Level 9.7 Stealth
 * Level 2.0 Spellcasting
 - Level 2.0 Translocations


You had 10 spell levels left.
You knew the following spells:

 Your Spells              Type           Power        Failure   Level  Hunger
g - Blink                 Tloc           N/A          16%         2    ###....

Your spell library contained the following spells:

 Spells                   Type           Power        Failure   Level  Hunger
 Animate Skeleton         Necr           N/A          24%         1    ##.....
 Magic Dart               Conj           #...         24%         1    ##.....
 Pain                     Necr           #...         24%         1    ##.....
 Call Imp                 Summ           #.......     34%         2    ###....
 Slow                     Hex            #.......     34%         2    ###....
 Conjure Flame            Conj/Fire      #.......     56%         3    ####...
 Mephitic Cloud           Conj/Pois/Air  #.......     56%         3    ####...
 Regeneration             Chrm/Necr      #.........   56%         3    ####...
 Vampiric Draining        Necr           #.........   56%         3    ####...
 Animate Dead             Necr           N/A          93%         4    #####..


Dungeon Overview and Level Annotations

Branches:
Dungeon (8/15)             Temple (1/1) D:4         Ossuary (visited)
   Lair: D:8-11

Altars:
Ashenzari
Cheibriados
Dithmenos
Elyvilon
Gozag
Hepliaklqana
Kikubaaqudgha
Makhleb
Nemelex Xobeh
Okawaru
Qazlal
Ru
Sif Muna
Trog
Uskayaw
Vehumet
Wu Jian
Xom
Yredelemnul
Zin
The Shining One

Shops:
D:6 !

Annotations:
D:2 1 runed translucent door, Crazy Yiuf
D:3 1 runed translucent door, Enkuryo's ghost, amateur DsBe
D:6 Prince Ribbit
D:8 3 exclusions


Message History

You barely miss the wyvern.
The wyvern is severely wounded.
The wyvern bites you. The wyvern bites you!!
* * * LOW HITPOINT WARNING * * *
Okay, then.
Casting: Blink (safe; 16% risk of failure)
Confirm with . or Enter, or press ? or * to list all spells.
You miscast Blink.
The world appears momentarily distorted!
The wyvern barely misses you.
Casting: Blink (safe; 16% risk of failure)
Confirm with . or Enter, or press ? or * to list all spells.
You blink.
Casting: Blink (safe; 16% risk of failure)
Confirm with . or Enter, or press ? or * to list all spells.
You miscast Blink.
The air around you crackles with energy!
The wyvern bites you!
You die...

##...######.......##.###.##.#
##.## #....>.........##.# #.#
#####.###########.# #.# #(#
#.# #.######## #># ##[#
###........####'## #...
##...###.....##(..## ##.#
#..### ###...#.....## ###.# #
##.## ##..@(.....## ##.#.#
###..#♣ ♣#..l.......####.....
....## ##.........'........
.##)# #.........####.....
#.#.## ##..§.....## ##....
##...#♣ ♣#........## ###..
#.#..## ##.###...## ##.
.##.).### ###..####'##### #.
###<#...###...#.........# #.


You could see a wyvern.

Vanquished Creatures
  2 humans
  An orc warrior (D:6)
  A sky beast (D:6)
  2 ogres
  2 centaurs
  A big kobold (D:7)
  A bullfrog (D:7)
  5 water moccasin zombies (Ossuary)
  2 scorpions
  A howler monkey (D:4)
  2 crimson imps (D:6)
  A bullfrog zombie (D:6)
  6 hounds
  A jelly (D:4)
  An orc priest (D:7)
  A bullfrog skeleton (D:6)
  Jessica (D:2)
  An iguana (D:6)
  3 worker ants
  4 orc wizards (D:7)
  Terence (D:2)
  A big kobold zombie (Ossuary)
  2 mummies (Ossuary)
  A hound zombie (D:5)
  A hound skeleton (D:6)
  A worker ant zombie (D:6)
  5 adders
  2 shadow imps
  7 adder zombies
  2 oozes
  An adder skeleton (D:4)
  A dart slug (D:1)
  9 orcs
  3 bats
  2 giant cockroaches
  5 goblins
  9 hobgoblins
  7 jackals (D:3)
  7 kobolds
  A quokka (D:2)
  4 frilled lizards
  4 gnoll zombies (Ossuary)
  6 hobgoblin zombies (Ossuary)
  5 kobold zombies (Ossuary)
  2 leopard gecko skeletons
  4 orc zombies (Ossuary)
  4 rats
136 creatures vanquished.

Vanquished Creatures (others)
  A hobgoblin zombie (Ossuary)
1 creature vanquished.

Grand Total: 137 creatures vanquished

Notes
Turn   | Place    | Note
-------+----------+-------------------------------------------
     0 | D:1      | Kagalorn the Human Assassin began the quest for the Orb.
     0 | D:1      | Reached XP level 1. HP: 16/16 MP: 1/1
   118 | D:1      | Reached XP level 2. HP: 20/22 MP: 2/2
   626 | D:2      | Found an ornate altar of the Wu Jian Council.
   647 | D:2      | Reached XP level 3. HP: 27/27 MP: 3/3
   668 | D:2      | Reached skill level 5 in Stealth
   716 | D:2      | Noticed Jessica
   722 | D:2      | Killed Jessica
   724 | D:2      | Reached XP level 4. HP: 24/33 MP: 4/4
   813 | D:2      | Found a burning altar of Makhleb.
   833 | D:2      | Reached skill level 6 in Stealth
  1288 | D:2      | Found a runed translucent door.
  1289 | D:2      | Noticed Crazy Yiuf
  1552 | D:2      | Noticed Terence
  1570 | D:2      | Killed Terence
  1570 | D:2      | Reached XP level 5. HP: 27/38 MP: 5/5
  1873 | D:3      | Found a runed translucent door.
  1874 | D:3      | Noticed an ice beast
  1874 | D:3      | Noticed Enkuryo's ghost (amateur DsBe)
  2241 | D:3      | Found a glowing silver altar of Zin.
  2391 | D:4      | Noticed an ogre
  2401 | D:4      | Killed an ogre
  2401 | D:4      | Reached skill level 7 in Stealth
  2401 | D:4      | Reached XP level 6. HP: 44/44 MP: 6/6
  3021 | D:4      | Found a staircase to the Ecumenical Temple.
  3076 | D:4      | HP: 2/44 [poisoned by a worker ant]
  3368 | D:4      | Reached skill level 8 in Stealth
  3509 | Temple   | Entered the Ecumenical Temple
  3583 | Temple   | Became a worshipper of Dithmenos the Shadowed
  4028 | D:5      | Entered Level 5 of the Dungeon
  4034 | D:5      | Reached XP level 7. HP: 46/50 MP: 7/7
  4624 | D:5      | Reached skill level 9 in Stealth
  4850 | D:6      | Found a basalt altar of Yredelemnul.
  4870 | D:6      | Found a sand-covered staircase.
  4879 | Ossuary  | Entered an ossuary
  5124 | Ossuary  | Reached * piety under Dithmenos
  5209 | Ossuary  | Reached XP level 8. HP: 29/56 MP: 8/8
  6588 | D:6      | Reached skill level 5 in Short Blades
  6767 | D:6      | Learned a level 2 spell: Blink
  7838 | D:6      | Reached skill level 1 in Spellcasting
  8154 | D:6      | Noticed Prince Ribbit
  8173 | D:6      | Found a snail-covered altar of Cheibriados.
  8272 | D:6      | Found Yno Xyd's Distillery.
  8319 | D:6      | Reached skill level 1 in Translocations
  8319 | D:6      | Reached XP level 9. HP: 56/61 MP: 10/10
  8953 | D:7      | Found a sparkling altar of Nemelex Xobeh.
  9255 | D:7      | Found an iron altar of Okawaru.
  9379 | D:7      | Reached ** piety under Dithmenos
  9975 | D:7      | Found a hide-covered altar of Uskayaw.
 10267 | D:8      | Found an iron altar of Okawaru.
 10984 | D:7      | Mangled by a wyvern

Levels and vault maps discovered:
D:1:      dpeg_arrival_water_temple_mockup, layout_rooms, minmay_fountain_box
D:2:      layout_loops_ring, makhleb_heckhound_becter,
          nicolae_overflow_crystal_walls, first_ration, uniq_jessica,
          uniq_terence, uniq_crazy_yiuf_cottage
D:3:      layout_basic, zin_statuary, ebering_ghost_inner_flame
D:4:      layout_loops_ring, minmay_temple_entry_sparse_star,
          kennysheep_generic_room_6
D:5:      layout_cave_pools
D:6:      cheibrodos_fzero, layout_basic, kennysheep_mini_moat, serial_shops,
          nicolae_shop_window_shopping, basic_altar,
          nicolae_ossuary_entry_ruins, uniq_prince_ribbit1
D:7:      cheibrodos_iron_armory, layout_loops_corners, lemuel_doored_altar,
          kennysheep_mini, nemelex_xobeh_ov_fountains_minmay
D:8:      layout_loops_ring, david_nohive_1, okawaru_humans, uniq_maurice
Temple:   zaba_magenta_temple

Skill      XL: |  1  2  3  4  5  6  7  8  9 |
---------------+----------------------------+-----
Stealth        | 5 6 7 8 9 |  9.7
Short Blades   | 3 6 8 |  8.5
Spellcasting   | 1 2 |  2.0
Translocations | 1 2 |  2.0
Fighting       | |  2.0
Throwing       | |  2.0
Dodging        | |  1.0

Action                   |  1- 3 |  4- 6 |  7- 9 || total
-------------------------+-------+-------+-------++-------
Melee: Dagger            |    32 |       |    87 ||   119
       Short sword       |     7 |   145 |   466 ||   618
 Fire: Hunting sling     |       |    11 |   112 ||   123
Throw: Dart              |       |    32 |    52 ||    84
 Cast: Blink             |       |       |     3 ||     3
  Use: Scroll            |       |     5 |     7 ||    12
       Potion            |       |       |     1 ||     1
 Stab: Sleeping          |     5 |     9 |     7 ||    21
       Distracted        |       |       |     1 ||     1
  Eat: Chunk             |       |     8 |     7 ||    15
       Ration            |       |     1 |     4 ||     5
Armor: Robe              |     1 |    24 |   121 ||   146
Dodge: Dodged            |    16 |    91 |   312 ||   419
